[Event "LLB"]
[Site "?"]
[Date "2008.03.15"]
[Round "?"]
[White "Misciasci, Alessandro"]
[Black "Grundner, Alois"]
[Result "0-1"]
[ECO "E79"]
[WhiteElo "1972"]
[BlackElo "1938"]
[Annotator "Fritz 8 (20s)"]
[PlyCount "109"]
[TimeControl "300"]

{37MB, LOIS-LXIC8KMRWW E79: Königsindisch (Vierbauern-Variante)} 1. d4 Nf6 2.
c4 g6 3. Nc3 Bg7 4. e4 d6 5. Be2 O-O 6. f4 c5 7. Nf3 cxd4 8. Nxd4 Nc6 9. Be3 a6
{Kontrolliert b5} 10. O-O Rb8 11. a3 {Es geht um b4} h5 (11... Nd7 12. b4 $14)
12. f5 {Weiß hat mehr Raum} Ne5 {Hier kann der schwarze Springer nicht durch
Bauern angegriffen werden} 13. h3 {Der Gegner darf nicht nach g4} Bd7 14. Rc1
Rc8 15. b3 {Überdeckt a4} (15. Qb3 Kh8 $14) 15... Nc6 16. Nf3 gxf5 17. exf5
Bxf5 18. Nd5 Bg6 19. Nh4 Ne5 20. Nf4 (20. Nxg6 fxg6 21. Bf3 Kh8 $14) 20... Bh6
21. Kh1 Be4 (21... Ne4 22. Qe1 $11) 22. Ne6 Qd7 23. Bxh6 Qxe6 24. Rc3 (24. Nf3
Nxf3 25. Bxf3 Rfd8 $14) 24... Rfd8 25. Bxh5 (25. Rg3+ Kh7 26. Bc1 Kh8 $11)
25... Kh7 (25... d5 26. Qe2 Nd3 27. Bf3 dxc4 28. bxc4 $17) 26. Bf4 (26. Bg5 d5
(26... Nxh5 $143 27. Qxh5+ Kg8 28. Rg3 $18) 27. Qe2 b5 28. cxd5 Qxd5 (28...
Bxd5 $2 29. Re3 $18) 29. Rxc8 Rxc8 $11) 26... Rg8 (26... b5 27. Bf3 Bxf3 28.
Nxf3 Nxf3 29. Rcxf3 $14) 27. Bf3 (27. Re3 $142 $5 $14 {ist noch spielbar})
27... Nxf3 $15 28. Nxf3 Qf5 (28... Rc5 29. Qd2 Bxf3 30. Rcxf3 $11) 29. Qd2 (29.
Qc1 Kh8 $11) 29... e5 (29... Bc6 30. Nh4 Qh5 $11) 30. Bh2 (30. Bh6 Kh8 31. Kg1
Qg6 $11) 30... Rg6 31. Rf2 Rcg8 (31... Bc6 32. Nxe5 Bxg2+ 33. Rxg2 dxe5 34.
Rxg6 fxg6 $11 (34... Kxg6 $143 35. Qg2+ Kh6 36. Rf3 $16 (36. Qxb7 $4 {führt in
eine lange Mattsequenz} Qf1+ 37. Bg1 Rg8 38. Rc1 Rxg1+ 39. Kh2 Qf2+ 40. Qg2
Qxg2#))) 32. Nh4 $16 Bxg2+ $2 (32... Qe6 $142 33. Qe2 Rh6 34. Rxf6 Bxg2+ 35.
Qxg2 Rxf6 36. Qe4+ Kh8 $14) 33. Nxg2 $18 Ne4 (33... Rxg2 34. Rxg2 Ne4 $18) 34.
Rxf5 Nxd2 35. Rxf7+ Kh6 (35... R6g7 {verlängert das Leiden} 36. Rxg7+ Rxg7 $18)
36. Nh4 Re6 (36... Rg5 {macht keinen großen Unterschied} 37. Rd3 Ne4 38. Re3
$18) 37. Rg3 (37. Re3 $142 {und Weiß ist direkt am Ziel} Rg5 38. Bf4 Kh5 39.
Bxg5 Kxg5 $18) 37... Rxg3 38. Bxg3 Nxb3 (38... Ne4 {ändert den Lauf der Dinge
nicht} 39. Kg2 $18) 39. Rxb7 (39. Bf2 $142 {entschiede die Partie sofort} Kh5
40. Kg2 Nd4 $18) 39... Nc5 40. Ra7 Rf6 41. Kg2 Kg5 42. Rg7+ Kh6 43. Rc7 Kg5 (
43... Kh5 $18 {ist ein letzter Versuch}) 44. Nf3+ Kf5 45. Bxe5 $1 {Ablenkung:
e5.} Ne6 (45... dxe5 46. Nh4+ {Doppelangriff} (46. Rxc5 {Ablenkung}) (46. Rxc5
{Überlastung})) 46. Bxf6 Nxc7 47. Bc3 (47. Bh4 {und Weiß hätte es noch leichter
} Ne8 $18) 47... Ke4 (47... Ne6 {nützt auch nichts mehr} 48. Kg3 Nc5 49. Bb4
$18) 48. h4 Kd3 49. Bb4 Kxc4 50. Bxd6 Nd5 51. Kg3 Kd3 (51... Nf6 {ändert
nichts am Ausgang der Partie} 52. Kf4 Kd5 53. Kf5 $18) 52. Kg4 (52. h5 {
erleichterte Weiß die Gewinnführung} Nf6 53. h6 Nh7 $18) 52... Nf6+ (52... Ke4
{hilft allerdings auch nicht} 53. Kg5 Kxf3 54. h5 $18) 53. Kf5 Ne4 (53... Ng8 {
wäre gleichermaßen fruchtlos} 54. Kg6 Ke3 55. Ng5 $18) 54. Be7 (54. Ne1+ $142 {
ist der schnellste Weg} Kd4 55. Be5+ Kd5 $18) 54... Ke3 (54... a5 $18 {ist
vielleicht ein Schwindelversuch}) 55. Ng5 {und Schwarz gab auf} 0-1

[Event "Sbg. Senioren LM"]
[Site "?"]
[Date "2008.04.14"]
[Round "?"]
[White "Grundner, Alois"]
[Black "Kohlweiß, Walter"]
[Result "1-0"]
[ECO "D56"]
[WhiteElo "1938"]
[BlackElo "1550"]
[Annotator ",lois"]
[PlyCount "55"]
[EventDate "2000.??.??"]
[TimeControl "300"]

{157MB, Fritz10.ctg, NAME-65104D6971} 1. d4 d5 2. c4 e6 3. Nc3 Nc6 4. Nf3 Nf6 5. Bg5 Be7 6. e3 O-O 7. Rc1 h6
8. Bh4 a6 9. Bd3 Ng4 10. Bxe7 Qxe7 11. cxd5 exd5 12. Nxd5 Qd6 13. Nc3 (13. Nf4
Nf6 14. O-O Bg4 15. h3 Bd7 16. Bc4 Na5 17. Be2) 13... Re8 14. O-O Be6 15. Bb1
Nf6 16. e4 Bg4 17. e5 Bxf3 18. Qxf3 Nxd4 19. exd6 Nxf3+ 20. gxf3 c6 21. Rfe1
Rad8 22. Rxe8+ Rxe8 23. Ne4 Nd5 24. Nc5 Nf4 25. Kf1 (25. Rd1 Kf8 26. d7 Rd8 27.
Nxb7 Ke7 28. Nxd8 Kxd8 29. Be4 c5 30. Bc6 Ne6 31. a3 g6 32. b4 Nd4 33. Ba4 Ne2+
34. Kf1 Nc3 35. Rc1 Nxa4 36. bxc5 Kxd7 37. Rc4 Nb2 38. Rb4 Nd3 39. Rd4+) 25...
Rb8 26. Re1 g6 27. d7 Rd8 28. Re8+ 1-0

[Event "Sbg. Senioren LM"]
[Site "?"]
[Date "2008.04.21"]
[Round "?"]
[White "Walkner, Karl"]
[Black "Grundner, Alois"]
[Result "1/2-1/2"]
[ECO "B02"]
[WhiteElo "1833"]
[BlackElo "1938"]
[Annotator ",lois"]
[PlyCount "59"]
[EventDate "2000.??.??"]
[TimeControl "240+2"]

{157MB, Fritz10.ctg, NAME-65104D6971} 1. e4 d5 2. exd5 Nf6 3. Nc3 Nxd5 4. Bc4
c6 5. Qf3 e6 6. Nge2 Be7 7. O-O Nd7 8. a3 Ne5 9. Qe4 Nxc4 10. Qxc4 O-O 11. d4
Bf6 12. Ne4 Be7 13. Qb3 b6 14. c4 Nf6 15. f3 Bb7 (15... e5 16. dxe5 Nxe4 17.
fxe4 Bg4 18. Qc2 Bxe2 19. Qxe2 Qd4+ 20. Kh1 Qxe5 21. Bf4 Qe6 22. b3 Rad8 23.
Qf3 Rd7 24. Rfd1 Rxd1+ 25. Rxd1 Bxa3 26. Ra1 Qe7 27. e5 Rc8 28. Qg4 Rd8 29. h3
Bc5 30. Re1 Rd3 31. Qc8+ Qd8 32. Qxd8+ Rxd8 33. Be3 Bxe3 34. Rxe3 Kf8) 16. Rd1
Qd7 ({Fritz 10:} 16... Nxe4 17. fxe4 c5 18. e5 f6 19. Qg3 Rf7 20. Bf4 Qd7 21.
dxc5 Bxc5+ 22. Kh1 Qa4 23. b3 Qc6 24. Nd4 Qe8 ) 17. Bf4 Rad8 18. Nxf6+ Bxf6 19. Be5 Qe7 20. Bxf6 Qxf6 21. Qe3
Rd7 22. b3 Rfd8 23. Rd3 c5 24. Rad1 Qg6 25. Nf4 Qg5 26. dxc5 ({Fritz 10:} 26.
h4 Qxh4 27. dxc5 Rxd3 28. Rxd3 bxc5 29. Rxd8+ Qxd8 30. Qxc5 Qb6 31. Qxb6 axb6
32. Nd3 Ba6 33. Kf2 Kf8 ) 26... Rxd3 27. Rxd3 Rxd3 28. Qxd3
Qxc5+ 29. Kf1 Qe7 ({Fritz 10:} 29... Qxa3 30. Qd7 g6 31. Ne2 Qa6 32. Kf2 Bc8
33. Qd8+ Kg7 34. Nc3 Qa1 35. Ne2 Qa6 ) 30. b4 1/2-1/2

[Event "Sbg. Senioren LM"]
[Site "?"]
[Date "2008.04.23"]
[Round "7"]
[White "Kohlbauer, Josef"]
[Black "Grundner, Alois"]
[Result "0-1"]
[ECO "D35"]
[WhiteElo "1602"]
[BlackElo "1938"]
[Annotator ",lois"]
[PlyCount "50"]
[EventDate "2000.??.??"]
[TimeControl "240+2"]

{157MB, Fritz10.ctg, NAME-65104D6971} 1. d4 Nf6 2. c4 e6 3. Nc3 d5 4. Bg5 Nbd7
5. cxd5 exd5 6. Nxd5 Nxd5 7. Nf3 Bb4+ 8. Bd2 Qe7 9. Qb3 Bxd2+ 10. Nxd2 N7f6 11.
e3 O-O 12. Bc4 c6 13. Rc1 Bf5 14. O-O Rad8 15. e4 Nxe4 16. Nf3 Be6 17. Rfe1
Nef6 18. Ng5 Rd6 19. Ne4 Nxe4 20. Rxe4 Nb6 21. Bxe6 Rxe6 22. Rxe6 Qxe6 23. Qxe6
fxe6 24. Kf1 Rd8 25. Rd1 e5 0-1

[Event "Open Maria Alm"]
[Site "?"]
[Date "2008.05.19"]
[Round "1"]
[White "Grundner, Alois"]
[Black "Schöffl, Kurt, Ing."]
[Result "1/2-1/2"]
[ECO "E97"]
[WhiteElo "1931"]
[BlackElo "1598"]
[Annotator ",lois"]
[PlyCount "73"]
[TimeControl "300"]

{157MB, Fritz10.ctg, NAME-65104D6971} 1. d4 Nf6 2. c4 g6 3. Nc3 Bg7 4. e4 d6 5.
Nf3 O-O 6. Be2 e5 7. O-O (7. dxe5 dxe5 8. Qxd8 Rxd8 9. Bg5) 7... Nc6 8. Be3 Ng4
9. Bg5 Bf6 10. Bxf6 Nxf6 11. Qd2 Kg7 12. Rad1 Bg4 13. d5 (13. dxe5 dxe5 14. Qe3
Qc8 15. Nd5 Ng8 16. h3 Bxf3 17. Bxf3 Nd4) 13... Bxf3 14. Bxf3 Nd4 15. Be2 Nd7
16. Bd3 Nc5 17. Bb1 a5 18. f4 Qh4 19. fxe5 dxe5 20. Qf2 (20. Qe3 Nd7) 20...
Qxf2+ 21. Rxf2 f5 22. Rdf1 (22. exf5 gxf5 23. Rdf1 f4 24. g3 fxg3 25. hxg3)
22... f4 23. Ne2 Nxe2+ 24. Rxe2 Rf6 25. b3 Raf8 26. Bc2 f3 27. gxf3 Rxf3 28.
Ref2 Rxf2 29. Rxf2 Rxf2 30. Kxf2 Kf6 31. a3 Na6 32. Bd1 h5 33. Kg3 Nc5 34. Bc2
Na6 35. Kh4 b6 36. h3 Nc5 37. Kg3 1/2-1/2

[Event "Open Maria Alm"]
[Site "?"]
[Date "2008.05.20"]
[Round "2"]
[White "Ernecker, Gottfried"]
[Black "Grundner, Alois"]
[Result "1-0"]
[ECO "B02"]
[WhiteElo "1761"]
[BlackElo "1931"]
[Annotator ",lois"]
[PlyCount "79"]
[TimeControl "300"]

{157MB, Fritz10.ctg, NAME-65104D6971} 1. e4 d5 2. exd5 Nf6 3. Nc3 Nxd5 4. Nxd5
Qxd5 5. c4 Qa5 6. Ne2 c5 7. Nc3 Nc6 8. Be2 Nd4 9. O-O e6 10. Re1 Be7 11. d3 O-O
12. Bd2 Qc7 13. Nb5 Nxb5 14. cxb5 b6 15. Rc1 Qd7 16. a4 Bb7 17. Bc3 Rad8 (17...
Bg5 18. Rc2 Rfd8) 18. Qc2 Bd6 19. Rcd1 Qc7 20. g3 e5 21. Bf1 Bf3 22. Be2 Ba8
23. f3 Bd5 24. Kg2 f6 25. b3 Qf7 26. Rb1 Qg6 27. Bd1 h5 28. Qe2 h4 29. Bc2 Qf5
30. Kf2 Qh3 31. Rh1 Rfe8 32. Rbg1 Qe6 33. gxh4 Bxb3 34. Rg6 Bxc2 35. Qxc2 Qf5
36. Rhg1 Rd7 37. Bd2 Kh7 38. Qc4 Bf8 (38... Bc7 39. Qe4 Qxe4 40. fxe4 Ree7 41.
Ke2 Rd4 42. h5 c4 43. h6 cxd3+ 44. Kd1 Rdd7 45. R1g3 Bd6 46. h4 Bc5 47. h5 Rf7)
39. Rh6+ gxh6 40. Qg8# 1-0

[Event "Open Maria Alm"]
[Site "?"]
[Date "2008.05.21"]
[Round "?"]
[White "Grundner, Alois"]
[Black "Kollmann, Hans"]
[Result "1-0"]
[ECO "D26"]
[WhiteElo "1498"]
[BlackElo "1938"]
[Annotator ",lois"]
[PlyCount "79"]
[TimeControl "300"]

{157MB, Fritz10.ctg, NAME-65104D6971} 1. d4 d5 2. c4 dxc4 3. e3 Nf6 (3... e5)
4. Bxc4 e6 5. Nf3 Nc6 6. O-O Be7 7. Nc3 O-O 8. b3 h6 9. Bb2 a6 10. Rc1 b5 11.
Bd3 Bb7 12. Bb1 Rc8 13. Ne4 Nb4 (13... Nxe4 14. Bxe4 Qd7 15. Bxc6 Bxc6 16. Ne5
Qd6 17. Nxc6) 14. Nxf6+ Bxf6 15. e4 Re8 16. a3 Nc6 17. Re1 (17. e5 Bg5 (17...
Be7 18. Rxc6 Bxc6 19. Qc2 Bb7 20. Qh7+ Kf8 21. Qh8#) 18. Nxg5 Qxg5 19. f4 Qd8
20. Be4) 17... Bg5 18. Rc3 Be7 19. Qc2 g6 20. Rxc6 Bxc6 21. Qxc6 Qd6 22. Rc1 b4
23. a4 Red8 24. Ne5 Bf6 25. Nf3 a5 26. e5 Bxe5 27. Nxe5 Qd5 28. Qxd5 Rxd5 29.
Be4 {Mit der möglichen Folge:} Rd6 30. Nc6 Rd7 31. Rc5 Kf8 (31... Ra8 32. Ne7+)
32. Rxa5 Rd6 33. Rb5 f5 34. Bf3 g5 35. Nxb4 Rb6 36. Rxb6 cxb6 37. Bc6 Ke7 38.
Kf1 Kd6 39. Bb5 h5 40. Ke2 1-0

[Event "Open Maria Alm"]
[Site "?"]
[Date "2008.05.22"]
[Round "?"]
[White "Regatschnig, Horst"]
[Black "Grundner, Alois"]
[Result "1/2-1/2"]
[ECO "D03"]
[WhiteElo "1749"]
[BlackElo "1938"]
[Annotator ",lois"]
[PlyCount "39"]
[TimeControl "300"]

{157MB, Fritz10.ctg, NAME-65104D6971} 1. d4 e6 2. Nf3 Nf6 3. Bg5 d5 4. e3 Nbd7
5. Nbd2 Be7 6. Be2 O-O 7. O-O Ne4 8. Bxe7 Qxe7 9. c4 c6 10. Rc1 Ndf6 11. Ne5
Nxd2 12. Qxd2 Ne4 13. Qc2 f6 14. Nf3 Bd7 15. Bd3 f5 16. Ne5 Rad8 17. f3 Ng5 18.
Qd2 Nf7 19. Nxf7 Rxf7 20. f4 1/2-1/2

[Event "Open Maria Alm"]
[Site "?"]
[Date "2008.05.23"]
[Round "?"]
[White "Zimmermann, Georg sen."]
[Black "Grundner, Alois sen."]
[Result "0-1"]
[ECO "E73"]
[WhiteElo "1715"]
[BlackElo "1938"]
[Annotator ",lois"]
[PlyCount "69"]
[TimeControl "300"]

{157MB, Fritz10.ctg, NAME-65104D6971} 1. d4 Nf6 2. c4 g6 3. Nc3 Bg7 4. e4 d6 5.
Be2 c6 6. f4 Nbd7 7. Nf3 a6 8. O-O O-O 9. b3 b5 10. Qc2 Bb7 11. Bb2 Rc8 12. Nd1
d5 13. exd5 cxd5 14. c5 Bc6 15. b4 Ne4 16. Nf2 f5 17. Nd3 e6 18. Nc1 h6 19. Nb3
Nb8 20. Na5 Bf6 21. a4 bxa4 22. Nxc6 Nxc6 23. Qxa4 Qc7 24. Bxa6 Qxf4 25. Bc1
Qc7 26. Bxc8 Rxc8 27. b5 Nxd4 28. Nxd4 Qxc5 29. Be3 Qc3 30. Ra3 Qb2 31. Rb3 Nc5
32. Rxb2 Nxa4 33. Rc2 Rxc2 34. Nxc2 e5 35. b6 0-1

[Event "Open Maria Alm"]
[Site "?"]
[Date "2008.05.25"]
[Round "?"]
[White "Miller, Martin"]
[Black "Grundner, Alois"]
[Result "0-1"]
[ECO "B01"]
[WhiteElo "1830"]
[BlackElo "1938"]
[Annotator ",lois"]
[PlyCount "66"]
[TimeControl "300"]

{157MB, Fritz10.ctg, NAME-65104D6971} 1. e4 d5 2. exd5 Nf6 3. d4 Nxd5 4. Nf3
Bg4 5. Bc4 e6 6. O-O Be7 7. c3 Nd7 8. Be3 O-O 9. Nbd2 N7f6 10. Qc2 c5 11. h3
Bf5 12. Bd3 cxd4 13. Nxd4 Nxe3 14. fxe3 Bxd3 15. Qxd3 e5 16. Rae1 exd4 17. exd4
Re8 18. Re3 Rc8 19. g4 Bd6 20. Ref3 Rc7 21. Nc4 Rce7 22. Ne3 Bc7 23. Nf5 Re1
24. Qd2 Rxf1+ 25. Kxf1 Qd5 26. Kg2 Re4 27. c4 Qxc4 28. Rf2 Qd5 29. Kg1 Qe6 30.
Qg5 Re1+ 31. Rf1 Bh2+ 32. Kxh2 Qe2+ 33. Kg3 Ne4+ 0-1

[Event "Open Maria Alm"]
[Site "?"]
[Date "2008.05.26"]
[Round "?"]
[White "Grundner, Alois"]
[Black "Hobusch, Werner"]
[Result "1-0"]
[ECO "A52"]
[WhiteElo "1938"]
[BlackElo "2058"]
[Annotator ",lois"]
[PlyCount "113"]
[TimeControl "300"]

{157MB, Fritz10.ctg, NAME-65104D6971} 1. d4 Nf6 2. c4 e5 3. dxe5 Ng4 4. Nf3 Bc5
5. e3 Nc6 6. Be2 Ngxe5 7. Nxe5 Nxe5 8. Nd2 O-O 9. O-O Qh4 10. g3 Qh3 11. Ne4
Be7 12. f4 Qf5 13. Qd5 d6 14. fxe5 Qxe5 15. Qxe5 dxe5 16. Kg2 f5 17. Nc3 c6 18.
e4 g6 19. Bh6 Re8 20. Rad1 Be6 21. Bd3 Bb4 22. exf5 gxf5 23. Bxf5 Bxc4 24. Bd3
Bd5+ 25. Nxd5 cxd5 26. Bb5 Re6 27. Bd2 Bc5 28. Bc3 Rd8 29. Rxd5 Rxd5 30. Bc4
Red6 31. Rd1 Bd4 32. Bxd4 Kf8 33. Rf1+ Ke8 34. Bxd5 exd4 35. Bxb7 Rb6 36. Bd5
Rxb2+ 37. Rf2 Rb4 38. Rd2 Ke7 39. Be4 h6 40. Bd3 Kd6 41. Kf3 Ke5 42. h3 Rb6 43.
Re2+ Kd5 44. g4 Rf6+ 45. Kg3 a5 46. h4 a4 47. g5 hxg5 48. hxg5 Rf8 49. Kg4 Kc5
50. Rc2+ Kb4 51. Rc4+ Ka3 52. Rxd4 Kxa2 53. Rxa4+ Kb3 54. Rf4 Rd8 55. Bh7 Kc3
56. g6 Rd1 57. Kg5 1-0

[Event "Open Maria Alm"]
[Site "?"]
[Date "2008.05.27"]
[Round "9"]
[White "Patzl, Karl"]
[Black "Grundner, Alois"]
[Result "0-1"]
[ECO "B01"]
[WhiteElo "2027"]
[BlackElo "1938"]
[Annotator ",lois"]
[PlyCount "94"]
[TimeControl "300"]

{157MB, Fritz10.ctg, NAME-65104D6971} 1. e4 d5 2. exd5 Nf6 3.
c4 e6 4. dxe6 Bxe6 5. d4 Bb4+ 6. Bd2 Qe7 {letzter Buchzug} 7. Qe2 Nc6 8. Nf3
Bxd2+ 9. Nbxd2 Nb4 10. Kd1 Bf5 ({0.90 Fritz 10:} 10... O-O-O 11. d5 Nfxd5 12.
cxd5 Nxd5 13. Nd4 Nf4 14. Qe3 Nd5 15. Qe2 ) 11. Qxe7+ Kxe7 12. a3
({0.36 Fritz 10:} 12. h3 Rhd8 13. d5 Kf8 14. a3 Na6 15. g4 Bc8 16. Kc2 c6 17.
g5 Ne8 18. Bd3 ) 12... Nc2 13. Rc1 Ng4 14. Nh4 ({-0.53 Fritz
10:} 14. Rg1 ) 14... Nxd4 15. Nxf5+ Nxf5 16. Bd3 ({-1.30 Fritz
10:} 16. Ke1 Rhe8 17. Bd3 Kf8+ 18. Kf1 Nd4 19. c5 Rad8 20. h3 Ne5 21. Be4 ) 16... Nxf2+ 17. Ke2 Nxd3 18. Kxd3 Rad8+ 19. Kc3 Rhe8 20. Rce1+
Kf8 21. Nf3 ({-2.04 Fritz 10:} 21. Ne4 Nh4 22. g3 Nf3 23. Re3 Ne5 24. Nc5 b6
25. Nd3 Nxd3 26. Rxd3 Rxd3+ 27. Kxd3 ) 21... Re3+ ({-1.00
Fritz 10:} 21... Ne3 22. g3 f5 23. b3 c5 24. h4 b6 25. h5 Kg8 26. b4 a6 27. Ng5 ) 22. Rxe3 Nxe3 23. Nh4 ({-1.75 Fritz 10:} 23. g3 Ng4 24. Re1
Nf2 25. Kc2 ) 23... Nd1+ 24. Kc2 Nf2 25. Rf1 Ng4 26. Rh1 Ne5 (
{-1.32 Fritz 10:} 26... Rd4 ) 27. b3 Rd4 28. g3 g6 29. Re1 f6
30. h3 Kf7 31. Re3 c5 32. Ng2 g5 33. h4 h6 34. hxg5 hxg5 35. Ne1 Kg6 36. Kc3 ({
-2.25 Fritz 10:} 36. Nf3 Nxf3 37. Rxf3 f5 38. Kc3 b6 39. b4 a6 40. Re3 Kf6 41.
bxc5 bxc5 42. a4 Rg4 ) 36... Kf5 37. Nf3 Nxf3 ({-1.41 Fritz
10:} 37... Re4 38. Rxe4 Kxe4 39. Nd2+ Ke3 40. b4 cxb4+ 41. axb4 f5 42. Nb3 f4
43. gxf4 gxf4 44. c5 f3 45. Nd2 f2 46. Nf1+ Ke2 47. Ng3+ ) 38.
Rxf3+ Kg6 39. b4 b6 40. a4 f5 41. Re3 Re4 42. Rd3 cxb4+ 43. Kxb4 Re7 44. Rd6+ (
{-1.56 Fritz 10:} 44. a5 Kh5 45. Kb5 Re4 46. Rd7 bxa5 47. c5 Re3 48. Rxa7 Rxg3
49. Rxa5 Rc3 50. Ra7 ) 44... Kh5 45. a5 bxa5+ 46. Kxa5 Kg4 47.
Rd4+ ({-4.41 Fritz 10:} 47. Rg6 Re5+ 48. Kb4 a5+ 49. Ka4 Rc5 50. Kb3 Rc7 51.
Rf6 a4+ 52. Kb4 a3 53. Ra6 Rb7+ 54. Kc3 Kxg3 55. Rxa3 f4 )
47... Kxg3 0-1

[Event "LLB"]
[Site "?"]
[Date "2008.09.20"]
[Round "1"]
[White "Ljubic, Juro"]
[Black "Grundner, Alois"]
[Result "1-0"]
[ECO "B01"]
[WhiteElo "2164"]
[BlackElo "1921"]
[Annotator ",lois"]
[PlyCount "113"]
[TimeControl "300"]

{157MB, Fritz10.ctg, NAME-65104D6971} 1. e4 d5 2. exd5 Nf6 3. d4 Nxd5 4. c4 Nb6
5. Nc3 e5 6. Qe2 Be7 7. d5 O-O 8. Be3 Bb4 9. Qc2 f5 10. f3 Nxc4 11. Bf2 Qxd5
12. Rd1 Qf7 13. a3 Bxc3+ 14. Qxc3 Be6 15. Nh3 h6 16. Be2 Nc6 17. O-O Rad8 18.
Rc1 Nd6 19. b4 a6 20. Bxa6 Nxb4 21. axb4 bxa6 22. Qxe5 Rfe8 23. Qc5 Nb5 24. Nf4
Bc8 25. h4 Bb7 26. Rfe1 h5 27. Rcd1 Rxd1 28. Rxd1 Kh7 29. Nh3 Qf8 30. Ng5+ Kh8
31. Qc4 Qf6 32. Bg3 Qe7 33. Re1 Qd7 34. Rxe8+ Qxe8 35. Qc5 Bc8 36. Kh2 Bd7 37.
Be5 Kg8 38. Qd5+ Kh8 39. Qc5 Bc6 40. Bf4 Bd7 41. Qd5 Bc8 42. Qc4 Qd7 43. Be5
Nd6 44. Qc5 Qe7 45. Bxd6 Qxd6+ 46. Qxd6 cxd6 47. Nf7+ Kg8 48. Nxd6 Bd7 49. Kg3
g6 50. Kf4 Kg7 51. Ke5 Ba4 52. f4 Bc6 53. g3 Bg2 54. Ke6 Bc6 55. Ke7 Ba4 56.
Ne8+ Kg8 57. Nc7 1-0

[Event "LLB"]
[Site "?"]
[Date "2008.10.11"]
[Round "?"]
[White "Grundner, Alois"]
[Black "Wieser, Rupert"]
[Result "0-1"]
[ECO "A50"]
[WhiteElo "1921"]
[BlackElo "1960"]
[Annotator ",lois"]
[PlyCount "56"]
[TimeControl "40/7200:20/3600:1800"]

{157MB, Fritz10.ctg, NAME-65104D6971} 1. d4 Nf6 2. c4 Nc6 3. Nc3 e5 4. d5 Ne7
5. e4 Ng6 6. Nf3 Bc5 7. Bd3 O-O 8. O-O a6 9. Qe2 d6 10. h3 Nh5 11. Bc2 Ng3 12.
Qe1 Nxf1 13. Kxf1 h6 14. Be3 Bxe3 15. Qxe3 Nf4 16. c5 Bd7 17. a4 Qe7 18. b4 a5
19. cxd6 cxd6 20. bxa5 Rxa5 21. Bb3 b5 22. Nd2 Rfa8 23. Bd1 bxa4 24. Nc4 R5a6
25. Nb6 Rb8 26. Nxd7 Qxd7 27. Bxa4 Qc8 28. Rc1 Qc4+ 0-1

[Event "LLB"]
[Site "?"]
[Date "2008.11.15"]
[Round "?"]
[White "Doppler, Gerwin"]
[Black "Grundner, Alois"]
[Result "1-0"]
[ECO "D02"]
[WhiteElo "1682"]
[BlackElo "1921"]
[Annotator ",lois"]
[PlyCount "75"]
[TimeControl "40/7200:20/3600:1800"]

{157MB, Fritz10.ctg, NAME-65104D6971} 1. d4 Nf6 2. Bg5 e6 3. Nd2 d5 4. Ngf3 Be7
5. c3 Nbd7 6. Qc2 c5 7. e3 a6 8. Be2 O-O 9. O-O b6 10. e4 dxe4 11. Nxe4 Bb7 12.
Nxf6+ Bxf6 13. Bxf6 Qxf6 14. Rad1 Rac8 15. Rd3 Be4 16. Ne5 Nxe5 (16... Rfd8 17.
Qb3 Bxd3 18. Nxd7 Rxd7 19. Bxd3 cxd4 20. Qxb6 dxc3 21. Bxa6 Qd8 22. Qxd8+ Rcxd8
23. bxc3 Ra7 24. Bc4 Rc7 25. Bb3 Rxc3) 17. dxe5 Qe7 18. Qa4 Bxd3 19. Bxd3 Ra8 (
19... c4 20. Be4 Qc5 21. Re1 Rcd8 22. Qxa6 (22. Qc2 Rd7 23. Bxh7+ Kh8 24. Be4
Qxe5 25. Rf1 b5 26. a4 Rfd8 27. axb5 Rd2 28. Qb1 Qxb5 29. Qa1 Kg8 30. Qa2 Rxb2
31. Qa3 Rdd2 32. Qe7 Qd7 33. Qxd7 Rxd7 34. f4 Rb3 35. Ra1 Rd6 36. Rc1 Rb2)
22... Rd2 23. Rf1 Rxb2) 20. Qe4 g6 21. h4 h5 (21... b5 22. h5 Rad8 23. hxg6
hxg6 24. Qe3 Qd7 25. Rd1 Qc6 26. g4 c4 27. Bc2 Rxd1+ 28. Bxd1 Qd5 29. Be2 Rd8
30. a4 Qd2 31. axb5 Qxe3 32. fxe3 axb5) 22. Re1 b5 23. Kh2 Rad8 24. Re2 Rd5 25.
Kh3 Rfd8 26. Bc2 Qd7 (26... Rd2 27. Rxd2 Rxd2) 27. g4 Rd2 28. gxh5 Rxe2 29.
Qxe2 Qd2 30. Qe4 Qxf2 31. hxg6 Rd2 32. gxf7+ Qxf7 33. Kg4 Qg7+ 34. Kh5 Qh8+ (
34... Rd5 {Das wäre der Gewinnzug gewesen!!!} 35. Qg6 Rxe5+ 36. Kg4 Re2 37.
Qxg7+ Kxg7 38. Bd1 Rxb2) 35. Kg5 Rg2+ {Wahnsinn in Zeitnot!} 36. Qxg2 Qg7+ 37.
Bg6 Qxe5+ 38. Kg4 1-0

[Event "LLB"]
[Site "?"]
[Date "2008.11.29"]
[Round "5"]
[White "Grundner, Alois"]
[Black "Frühauf, Norbert"]
[Result "0-1"]
[ECO "E13"]
[WhiteElo "1921"]
[BlackElo "1956"]
[Annotator ",lois"]
[PlyCount "84"]
[TimeControl "40/7200:20/3600:1800"]

{157MB, Fritz10.ctg, NAME-65104D6971} 1. d4 Nf6 2. c4 e6 3. Nc3 Bb4 4. Nf3 b6
5. Bg5 h6 6. Bh4 Bb7 7. e3 Bxc3+ 8. bxc3 d6 9. Bd3 Nbd7 10. O-O Qe7 11. Re1 O-O
12. e4 e5 13. a4 a5 14. Qc2 ({Fritz 10:} 14. Bg3 Rfe8 15. Rb1 Rab8 16. Nh4 g6
17. Qd2 Kh7 18. f3 ) 14... g5 15. Bg3 Nh5 16. Rab1 Nf4 17. Nd2 (
{Fritz 10:} 17. c5 dxc5 18. Bb5 c6 19. Bc4 Ba6 20. Bxa6 Rxa6 21. Nxe5 ) 17... Nf6 18. Nf1 Bc6 19. Ra1 Kh7 20. Ne3 ({Fritz 10:} 20. f3 N6h5 21.
Ne3 Nxd3 22. Qxd3 Kg8 23. Nd5 Bxd5 24. exd5 Nxg3 25. hxg3 Qf6 26. dxe5 dxe5 27.
Qe4 ) 20... N6h5 ({Fritz 10:} 20... Nxd3 21. Qxd3 Bxe4 22. Qe2
Bg6 23. Rad1 exd4 24. cxd4 Rae8 25. c5 dxc5 26. dxc5 Bh5 ) 21.
Nf5 Qe8 22. Bf1 Bd7 23. Re3 ({Fritz 10:} 23. Qd1 Ng7 24. Ne3 Rb8 25. Nd5 Qd8
26. Rb1 c6 27. Ne3 ) 23... f6 24. h3 Ng7 25. Bh2 Nxf5 26. exf5
Qc8 27. g4 Bc6 28. Rae1 ({Fritz 10:} 28. h4 Qd7 29. d5 Bb7 30. Rb1 Rg8 31. Qd1
Raf8 32. hxg5 fxg5 33. Bg2 Nxg2 ) 28... Qd7 29. Ra1 Qf7 30.
Rae1 Rae8 31. d5 Bd7 32. Rb1 Re7 33. f3 Qe8 34. Ra1 Rh8 35. Bxf4 exf4 36. Re4
Rxe4 37. fxe4 h5 38. Be2 hxg4 39. Bxg4 Kg7 40. Qd1 ({Fritz 10:} 40. Kg2 Rh4 41.
Bf3 Kh8 42. Qb3 Qe5 43. Rb1 Kg7 44. Qc2 Kf8 45. Qb3 Qe8 46. Ra1 Kg8 47. Qc2 Kh8 ) {Nach diesem Fehlzug in Zeitnot fällt die weiße Stellung:}
40... Qxe4 41. Qf1 Re8 42. Ra3 Bxf5 {Weiß wirft das Handtuch.} 0-1

[Event "LLB"]
[Site "?"]
[Date "2009.01.17"]
[Round "7"]
[White "Grundner, Alois"]
[Black "Schiner, Hartmut"]
[Result "0-1"]
[ECO "D09"]
[WhiteElo "1890"]
[BlackElo "2111"]
[Annotator ",lois"]
[PlyCount "54"]
[TimeControl "120"]

{157MB, Fritz10.ctg, NAME-65104D6971} 1. d4 d5 2. c4 e5 3. dxe5 d4 4. Nf3 Nc6
5. g3 Be6 6. Nbd2 Qd7 7. a3 a5 8. Bg2 Bh3 9. O-O h5 10. Ne4 Bxg2 11. Kxg2 h4
12. Nxh4 Nxe5 13. Qc2 Be7 14. Bf4 Ng6 15. Nxg6 Qh3+ 16. Kf3 Qh5+ 17. g4 Qxg6
18. Qb3 Rh3+ 19. Bg3 O-O-O 20. Qb5 Nh6 21. Qe5 Bd6 22. Nxd6+ Rxd6 23. Qe8+ Rd8
24. Qe4 f5 25. gxf5 Nxf5 26. Qg4 Qc6+ 27. Kf4 g5+ 0-1